 Dungeon Crawl Stone Soup version 0.27-a0-931-g5a74e75d8f (webtiles) character file.

Game seed: 6466688921449859169

168 mhtbhm the Digger (level 5, -2/28 HPs)
             Began as a Gargoyle Earth Elementalist on Apr 10, 2021.
             Slain by a river rat (6 damage)
             ... in a sewer.
             The game lasted 00:05:43 (4319 turns).

mhtbhm the Digger (Gargoyle Earth Elementalist)     Turns: 4319, Time: 00:05:44

Health: -2/28      AC:  6    Str: 12    XL:     5   Next: 48%
Magic:  9/9        EV: 12    Int: 16    God:
Gold:   118        SH:  0    Dex: 10    Spells: 3/9 levels left

rFire    . . .     SeeInvis .   g - +1 whip
rCold    . . .     Faith    .   (no shield)
rNeg     + . .     Spirit   .   c - +0 robe
rPois    ∞         Reflect  .   (no helmet)
rElec    +         Harm     .   (no cloak)
rCorr    .         Rampage  .   (no gloves)
Will     .....                  (no boots)
Stlth    ++........             (no amulet)
HPRegen  0.09/turn              (no ring)
MPRegen  0.11/turn              (no ring)

@: no status effects
A: AC +4, negative energy resistance 1, electricity resistance, torment
resistance 1, unbreathing 1, petrification resistance
a: no special abilities


You were in a sewer.
You visited 1 branch of the dungeon, and saw 3 of its levels.
You also visited: Sewer.

You collected 118 gold pieces.

Inventory:

Hand Weapons
 g - a +1 whip (weapon)
Missiles
 e - a throwing net
Armour
 c - a +0 robe (worn)
Scrolls
 d - a scroll of teleportation
 i - a scroll of identify
Potions
 a - a potion of cancellation
 j - a potion of brilliance


   Skills:
 + Level 0.9 Fighting
 + Level 1.4 Maces & Flails
 + Level 2.2 Dodging
 - Level 2.1 Stealth
 + Level 2.9 Spellcasting
 + Level 0.8 Transmutations
 + Level 5.5 Earth Magic


You had 3 spell levels left.
You knew the following spells:

 Your Spells              Type           Power      Damage    Failure   Level
a - Sandblast             Erth           38%        2d10      1%          1
b - Passwall              Tmut/Erth      10%        N/A       8%          2
c - Stone Arrow           Conj/Erth      22%        3d8       19%         3

Your spell library contained the following spells:

 Spells                   Type           Power      Damage    Failure   Level
 Petrify                  Tmut/Erth      12%        N/A       45%         4
 Lee's Rapid Deconstruct  Erth           9%         3d8*      50%         5


Dungeon Overview and Level Annotations

Branches:
Dungeon (3/15)              Sewer (1/1)

Altars:


Innate Abilities, Weirdness & Mutations

Your stone body is resilient. (AC +4)
You are immune to poison.
You resist negative energy. (rN+)
You are resistant to electric shocks. (rElec)
You are resistant to unholy torment.
You can survive without breathing.
You are immune to petrification.


Message History

The river rat is lightly wounded.
The river rat bites you but does no damage.
The river rat closely misses you. The rat barely misses you.
You hit the river rat.
The river rat is moderately wounded.
The river rat bites you but does no damage.
The river rat bites you. The rat barely misses you.
You hit the river rat.
The river rat is severely wounded.
The river rat barely misses you. The river rat bites you.
The rat closely misses you.
You are too injured to fight recklessly!
You are too injured to fight recklessly!
You are too injured to fight recklessly!
You are too injured to fight recklessly!
You are too injured to fight recklessly!
You are too injured to fight recklessly!
You are too injured to fight recklessly!
You are too injured to fight recklessly!
You are too injured to fight recklessly!
You are too injured to fight recklessly!
Casting: Stone Arrow (quite dangerous; 19% risk of failure)
Confirm with . or Enter, or press ? or * to list all spells.
You don't have any stones to cast with.
Unknown command.
Casting: Sandblast (safe; 1% risk of failure)
Confirm with . or Enter, or press ? or * to list all spells.
The spell is quite dangerous to cast (19% risk of failure)!
Continue anyway?
Aiming: Stone Arrow (quite dangerous; 19% risk of failure)
Press: ? - help, Shift-Dir - straight line, f - river rat
Aim: a river rat (severely wounded, 36% to evade)
The stone arrow misses the river rat.
The river rat bites you.
* * * LOW HITPOINT WARNING * * *
The river rat bites you.
* * * LOW HITPOINT WARNING * * *
The rat barely misses you.
It was a potion of magic.
Magic courses through your body.
The river rat bites you but does no damage.
The river rat bites you.
You die...

..####################
....≈≈≈≈≈≈≈≈≈≈≈≈≈≈≈..###
....≈≈≈≈≈.≈≈≈≈≈≈≈≈≈....##
....≈≈≈≈≈rr†≈≈≈≈≈≈≈≈....##
....≈≈≈≈≈r@≈≈≈≈≈≈≈≈≈.....#
...≈≈≈≈≈≈≈≈≈≈≈≈≈≈≈≈≈.....#
##.#≈≈≈≈≈#≈#≈≈≈≈≈≈≈#.....#
# ##################....#
####...## #..#....#
#..'....# #####...#
##...##


You could see 2 river rats and a rat.

Vanquished Creatures
  6 adders
  3 river rats
  4 worms
  A dart slug (D:1)
  5 bats
  2 endoplasms (D:2)
  A giant cockroach (D:1)
  5 goblins
  3 hobgoblins
  9 jackals
  3 quokkas
  7 ball pythons
  5 frilled lizards
  2 kobolds (D:1)
  29 rats
85 creatures vanquished.

Notes
Turn   | Place    | Note
-------+----------+-------------------------------------------
     0 | D:1      | mhtbhm the Gargoyle Earth Elementalist began the quest for
                  | the Orb.
     0 | D:1      | Reached XP level 1. HP: 10/10 MP: 3/3
   579 | D:1      | Reached skill level 4 in Earth Magic
   581 | D:1      | Reached XP level 2. HP: 15/15 MP: 0/5
   823 | D:1      | Learned a level 2 spell: Passwall
  1014 | D:1      | Found a faded altar of an unknown god.
  1367 | D:1      | Reached XP level 3. HP: 19/19 MP: 4/6
  1371 | D:1      | Learned a level 3 spell: Stone Arrow
  2488 | D:2      | Reached XP level 4. HP: 21/24 MP: 7/7
  2491 | D:2      | Reached skill level 5 in Earth Magic
  3459 | D:3      | Reached skill level 1 in Maces & Flails
  3472 | D:3      | Found a glowing drain.
  3482 | Sewer    | Entered a sewer
  3593 | Sewer    | Reached XP level 5. HP: 5/28 MP: 4/9
  4319 | Sewer    | Slain by a river rat

Illustrated notes

Levels and vault maps discovered:
D:1:      matt_arrival_refuge, layout_loops_ring,
          hellmonk_ecumenical_altar_run_dry, dk_noncrumbling_3,
          minmay_misc_feat_tiny, minmay_surrounded
D:2:      layout_loops_corners, chequers_serial_rivers_micro_a
D:3:      layout_loops_cross, nicolae_qazlal_scattered_showers,
          gup_sewer_entry_bubbles
Sewer:    sewer_minmay_w

Skill      XL: |  1  2  3  4 |
---------------+-------------+-----
Earth Magic    | 4 5 |  5.5
Dodging        | 2 |  2.2
Maces & Flails | 1 |  1.4
Fighting       | |  0.9
Stealth        | |  2.1
Spellcasting   | |  2.9
Transmutations | |  0.8

Action                   |  1- 3 |  4- 6 || total
-------------------------+-------+-------++-------
Melee: Unarmed           |     2 |       ||     2
       Whip              |    89 |   143 ||   232
 Cast: Sandblast         |    30 |    26 ||    56
       Passwall          |     2 |       ||     2
       Stone Arrow       |       |     2 ||     2
  Use: Scroll            |       |     6 ||     6
       Potion            |       |     5 ||     5
 Stab: Sleeping          |     1 |     2 ||     3
Armor: Robe              |    38 |    65 ||   103
Dodge: Dodged            |    87 |   148 ||   235

Table legend: (Time is in decaauts)
 A = Elapsed time spent in this place.
 B = Non-inter-level travel time spent in this place.
 C = Inter-level travel time spent in this place.
 D = Time resting spent in this place.
 E = Time spent auto-exploring this place.
 F = Levels seen in this place.
 G = Mean time per level.
                   A        B        C        D        E       F      G
               +--------+--------+--------+--------+--------+-----+--------+
         Total |   4410 |   4392 |     18 |   1223 |   2421 |   4 | 1102.5 |
       Dungeon |   3511 |   3493 |     18 |    778 |   2207 |   3 | 1170.3 |
         Sewer |    899 |    899 |      0 |    445 |    214 |   1 |  899.0 |
               +--------+--------+--------+--------+--------+-----+--------+

Top non-repeatable levels by time:
     D:1: 1879 daAuts
     D:2: 1515 daAuts
   Sewer: 899 daAuts
     D:3: 115 daAuts
